 Dungeon Crawl Stone Soup version 0.19.1-1-g22dce08 (webtiles) character file.

115 Faustar the Slasher (level 5, 0/41 HPs)
             Began as a Formicid Abyssal Knight on Jan 1, 2017.
             Was a Follower of Lugonu.
             Slain by a hobgoblin
             ... wielding a cursed -3 club
              (2 damage)
             ... on level 3 of the Dungeon.
             The game lasted 00:02:50 (2252 turns).

Faustar the Slasher (Formicid Abyssal Knight)       Turns: 2252, Time: 00:02:51

Health: 0/41       AC:  3    Str: 17    XL:     5   Next: 20%
Magic:  6/6        EV: 10    Int: 12    God:    Lugonu [*.....]
Gold:   68         SH:  3    Dex: 10    Spells: 0 memorised, 4 levels left

rFire  . . .     SeeInvis +     a - +1 falchion
rCold  . . .     Gourm    .     b - +0 leather armour
rNeg   . . .     Faith    .     j - +0 buckler
rPois  .         Spirit   .     (helmet unavailable)
rElec  .         Reflect  .     (no cloak)
rCorr  .         Harm     .     (no gloves)
MR     .....                    (no boots)
Stlth  +.........               (no amulet)
                                (no ring)
                                (no ring)

@: no status effects
A: permanent stasis, dig shafts and tunnels, four strong arms, antennae 3
a: Dig, Shaft Self, Depart the Abyss, Renounce Religion


You were on level 3 of the Dungeon.
You worshipped Lugonu.
Lugonu was aware of your devotion.
You were hungry.

You visited 1 branch of the dungeon, and saw 3 of its levels.
You visited the Abyss 1 time.

You collected 68 gold pieces.

Inventory:

Hand Weapons
 a - a +1 falchion (weapon)
Armour
 b - a +0 leather armour (worn)
 j - a +0 buckler (worn)
Jewellery
 p - an uncursed amulet of magic regeneration {unknown}
 u - a +2 ring of strength {unknown}
Wands
 m - a wand of flame (22/48)
Scrolls
 d - 2 scrolls of magic mapping {unknown}
 e - 6 scrolls of remove curse {unknown}
 g - a scroll of fog {unknown}
 h - a scroll of random uselessness {unknown}
 k - a scroll of fear {unknown}
 l - 2 scrolls of immolation {unknown}
 n - a scroll of noise {unknown}
 r - a scroll of enchant armour {unknown}
Potions
 i - a potion of ambrosia {unknown}
 s - a potion of brilliance {unknown}
Comestibles
 c - 3 bread rations
 f - 2 beef jerkies
 o - a royal jelly
 q - a meat ration
 t - a chunk of flesh


   Skills:
 - Level 3.2 Fighting
 + Level 5.0 Long Blades
 - Level 2.1 Armour
 - Level 0.8 Dodging
 - Level 2.1 Invocations


You had 4 spell levels left.
You didn't know any spells.

Dungeon Overview and Level Annotations

Branches:
Dungeon (3/15)

Altars:


Innate Abilities, Weirdness & Mutations

You are under a permanent stasis effect.
You can dig through walls and to a lower floor.
Your four strong arms can wield two-handed weapons with a shield.
You have a pair of large antennae on your head. (SInv)


Message History

Lugonu accepts your kill.
You completely miss the orc. The orc hits you with a short sword.
* * * LOW HITPOINT WARNING * * *
You hit the orc.
The orc is heavily wounded.
The orc hits you with a short sword.
* * * LOW HITPOINT WARNING * * *
The orc hits you with a short sword.
* * * LOW HITPOINT WARNING * * *
You hit the orc.
You kill the orc!
Lugonu accepts your kill.
Your Long Blades skill increases to level 5!
Your shield prevents you from hitting the hobgoblin.
You are feeling hungry.
The hobgoblin hits you but does no damage.
You barely miss the hobgoblin. The hobgoblin closely misses you.
Your shield prevents you from hitting the hobgoblin.
The hobgoblin hits you with a club.
You die...

........+ ..# ........# #.##.#
........# #K##.# ........#
#.##.# ........###.##.#
#........)..##.#
#........)..##.#
#.>............###############
###.........)..g@.....(......#
######.......############.##
#.......# #.# #....[..# #<#
#.......# ### #.......#
#.......# ........#


You could see a hobgoblin.

Vanquished Creatures
  An orc wizard (D:3)
  2 adders (D:2)
  A dart slug (D:2)
  2 worms (D:2)
  4 orcs (D:3)
  4 giant cockroaches (D:1)
  10 goblins
  8 hobgoblins
  3 jackals (D:2)
  A quokka (D:2)
  A ball python (D:2)
  4 bats
  5 frilled lizards
  6 kobolds
  2 rats (D:1)
54 creatures vanquished.

Notes
Turn   | Place    | Note
-------+----------+-------------------------------------------
     0 | Abyss:1  | Faustar the Formicid Abyssal Knight began the quest for the Orb.
     0 | Abyss:1  | Reached XP level 1. HP: 18/18 MP: 2/2
    57 | Abyss:1  | Noticed a thrashing horror
    57 | D:1      | Escaped the Abyss
   124 | D:1      | Reached XP level 2. HP: 11/24 MP: 3/3
   373 | D:1      | Reached * piety under Lugonu
   373 | D:1      | Reached skill level 3 in Long Blades
   514 | D:1      | Reached XP level 3. HP: 29/29 MP: 4/4
  1141 | D:2      | Found a faded altar of an unknown god.
  1148 | D:2      | Reached skill level 4 in Long Blades
  1148 | D:2      | Reached XP level 4. HP: 26/35 MP: 5/5
  2222 | D:3      | Reached XP level 5. HP: 21/41 MP: 6/6
  2248 | D:3      | HP: 2/41 [orc/short sword (3)]
  2249 | D:3      | Reached skill level 5 in Long Blades
  2252 | D:3      | Slain by a hobgoblin

Skill      XL: |  1  2  3  4  5 |
---------------+----------------+-----
Long Blades    | 3 4 5 |  5.0
Fighting       | |  3.2
Armour         | |  2.1
Dodging        | |  0.8
Invocations    | |  2.1

Action                   |  1- 3 |  4- 6 || total
-------------------------+-------+-------++-------
Melee: Falchion          |    94 |    78 ||   172
Invok: Depart the Abyss  |     1 |       ||     1
  Eat: Chunk             |     1 |     3 ||     4
Armor: Leather armour    |    26 |    13 ||    39
Dodge: Dodged            |    54 |    33 ||    87
Block: Buckler           |     9 |     4 ||    13
       Rpst.: Falchion   |    17 |     9 ||    26
